 Dungeon Crawl Stone Soup version 0.31.0-4-g52a2dc7128 (webtiles) character file.

Game seed: 10947956037250876144

448 Gottschkopf the Grave Robber (level 7, -20/32 HPs)
             Began as a Vine Stalker Necromancer on Jan 21, 2024.
             Was an Initiate of Ru.
             Incinerated by a balrug (26 damage)
             ... with a pyre arrow
             ... on level 1 of the Abyss.
             The game lasted 00:19:17 (3496 turns).

Gottschkopf the Grave Robber (VSNe)                 Turns: 3496, Time: 00:19:18

Health: -20/32     AC:  4    Str: 11    XL:     7   Next: 4%
Magic:  0/14       EV: 12    Int: 17    God:    Ru [......]
Gold:   156        SH:  0    Dex: 14    Spells: 11/15 levels left

rFire   . . .        n - staff of death
rCold   . . .        (no shield)
rNeg    + . .        a - +0 robe
rPois   .            (no helmet)
rElec   .            h - +1 cloak {rCorr}
rCorr   +            (no gloves)
SInv    .            (no boots)
Will    .....        (no amulet)
Stlth   +            (no ring)
HPRegen 1.05/turn    (no ring)
MPRegen 0.14/turn

%: guardian spirit
@: on fire, glowing
A: fangs 2, regeneration 1, magic shield, antimagic bite, no potion heal 2
a: Renounce Religion


You were on level 1 of the Abyss.
You worshipped Ru.
Ru was noncommittal.
You visited 1 branch of the dungeon, and saw 4 of its levels.
You visited the Abyss 1 time.

You collected 156 gold pieces.

Inventory:

Hand Weapons
 f - a +0 dagger
 l - a +2 whip of venom
Armour
 a - a +0 robe (worn)
 h - a +1 cloak of preservation (worn)
Magical Staves
 n - a staff of death (weapon)
Wands
 u - a wand of flame (16)
Scrolls
 c - 3 scrolls of fog {unknown}
 d - a scroll of amnesia {unknown}
 e - a scroll of poison {unknown}
 g - 4 scrolls of revelation {unknown}
 m - 4 scrolls of identify {unknown}
 q - 2 scrolls of teleportation {unknown}
 r - a scroll of vulnerability {unknown}
 s - a scroll of noise {unknown}
Potions
 b - a potion of magic
 i - a potion of invisibility {unknown}
 j - 2 potions of might {unknown}
 k - a potion of curing {unknown}
 o - a potion of degeneration {unknown}
 p - a potion of heal wounds {unknown}
 t - a potion of cancellation {unknown}
 v - 2 potions of mutation {unknown}


   Skills:
 - Level 2.0 Dodging
 + Level 5.5 Stealth
 + Level 4.5 Spellcasting
 + Level 5.7 Necromancy


You had 11 spell levels left.
You knew the following spells:

 Your Spells              Type           Power      Damage    Failure   Level
a - Necrotise             Necr           100%       1d9       1%          1
b - Vampiric Draining     Necr           34%        2d8       4%          3

Your spell library contained the following spells:

 Spells                   Type           Power      Damage    Failure   Level
 Animate Dead             Necr           34%        N/A       14%         4
 Apportation              Tloc           6%         N/A       16%         1
 Jinxbite                 Hex            6%         N/A       22%         2
 Curse of Agony           Necr           34%        N/A       36%         5
 Alistair's Intoxication  Alch           2%         N/A       99%         5


Dungeon Overview and Level Annotations

Branches:
Dungeon (4/15)
 Temple: D:4-7

Altars:
Dithmenos
Fedhas
Nemelex Xobeh
Okawaru
Ru


Innate Abilities, Weirdness & Mutations

You have extremely sharp teeth.
Your natural rate of healing is unusually fast.
When hurt, damage is shared between your health and your magic reserves.
Your bite disrupts and absorbs the magic of your enemies.
Potions cannot restore your health.


Message History

The starcursed mass touches you.
A worldbinder comes into view.
A large abomination comes into view.
The worldbinder calls forth creatures from the Shoals!
Found a corrupted altar of Lugonu.
A chorus of shrieks assaults your mind.
Press: ? - help, v - describe, . - travel
Here: a worldbinder The floor.
The worldbinder calls forth creatures from the Shoals!
Press: ? - help, v - describe, . - travel
Here: a starcursed mass The floor.
The starcursed mass shrieks in your mind.
Why would you want to do that? Why would you want to do that?
The starcursed mass shrieks in your mind.
The starcursed mass shrieks in your mind.
The starcursed mass shrieks in your mind.
An anaconda skeleton comes into view.
A smoke demon comes into view.
A balrug comes into view.
It is wielding a +0 demon whip of flaming.
The balrug shouts!
The balrug gestures at you.
The fireball explodes!
The fireball engulfs you!!
Ouch! That really hurt!
You hear a shout!
You hear a roar!
An ufetubus comes into view.
An ufetubus comes into view.
The balrug gestures at you. The pyre arrow hits you.
You are covered in intense liquid fire!
The ufetubus shouts!
You shake off some of the fire as you move.
The liquid fire burns you!
* * * LOW HITPOINT WARNING * * *
You shake off some of the fire as you move.
The liquid fire burns you!
Ouch! That really hurt!
You die...

# .#. 3 ##. #.. .#
.###..#### ..#.
.5.#....## ...
#..#....######.##
.......#2..#..2###
#.#..#..##.2#...#.#
#.5...#.##.#......
.
...##@.#.....#.....
..
#...##.#..#.#.##.##
#### ###..#..#. #
#..##.#.# #...##..
. ##...###


You could see a balrug and 2 ufetubi.

Vanquished Creatures
  Sigmund (D:3)
  2 electric eels (D:3)
  A bombardier beetle (D:3)
  An orc priest (D:3)
  An orc wizard (D:4)
  A gnoll (D:1)
  4 adders
  2 ribbon worms
  A dart slug (D:2)
  7 orcs
  4 endoplasms
  2 giant cockroaches
  5 goblins
  5 hobgoblins
  3 jackals (D:3)
  4 quokkas
  7 ball pythons
  4 bats
  5 frilled lizards
  7 kobolds
  2 rats
69 creatures vanquished.

Vanquished Creatures (collateral kills)
  An adder (D:3)
  An endoplasm (D:2)
  A hobgoblin (D:2)
  A quokka (D:4)
  A frilled lizard (D:3)
5 creatures vanquished.

Grand Total: 74 creatures vanquished

Notes
Turn   | Place    | Note
-------+----------+-------------------------------------------
     0 | D:1      | Gottschkopf the Vine Stalker Necromancer began the quest
                  | for the Orb.
     0 | D:1      | Reached XP level 1. HP: 9/9 MP: 4/4
   177 | D:1      | Reached XP level 2. HP: 13/13 MP: 6/6
   633 | D:1      | Reached XP level 3. HP: 11/16 MP: 8/8
   637 | D:1      | Learned a level 3 spell: Vampiric Draining
   934 | D:2      | Found a blossoming altar of Fedhas.
  1197 | D:2      | Reached XP level 4. HP: 21/21 MP: 5/9
  1880 | D:3      | Reached XP level 5. HP: 24/24 MP: 6/11
  2013 | D:3      | Found a sacrificial altar of Ru.
  2017 | D:3      | Found a shadowy altar of Dithmenos.
  2021 | D:3      | Found a sparkling altar of Nemelex Xobeh.
  2055 | D:3      | Became a worshipper of Ru the Awakened
  2072 | D:3      | Found a transporter.
  2088 | D:3      | Found a transporter.
  2101 | D:3      | Reached skill level 5 in Necromancy
  2122 | D:3      | Found an iron altar of Okawaru.
  2237 | D:3      | Noticed Sigmund
  2243 | D:3      | Killed Sigmund
  2244 | D:3      | Reached skill level 5 in Stealth
  2244 | D:3      | Reached XP level 6. HP: 28/28 MP: 3/13
  3314 | Abyss:1  | Cast into level 1 of the Abyss (orc wizard)
  3315 | Abyss:1  | Reached XP level 7. HP: 27/32 MP: 3/14
  3392 | Abyss:1  | Noticed a starcursed mass
  3403 | Abyss:1  | Noticed a large abomination
  3405 | Abyss:1  | Noticed a bone dragon
  3410 | Abyss:1  | Noticed a worldbinder
  3412 | Abyss:1  | Noticed a large abomination
  3414 | Abyss:1  | Noticed a merfolk aquamancer
  3414 | Abyss:1  | Noticed a snapping turtle
  3414 | Abyss:1  | Found a corrupted altar of Lugonu.
  3469 | Abyss:1  | Noticed a smoke demon
  3478 | Abyss:1  | Noticed a balrug
  3496 | Abyss:1  | Incinerated by a balrug

Illustrated notes

Levels and vault maps discovered:
D:1:      kennysheep_arrival_seaside, layout_loops_cross
D:2:      layout_basic, basic_altar, minmay_randomly_rotated_circles
D:3:      gammafunk_steamed_eel, layout_basic, minmay_overflow_temple_star_quad,
          lemuel_doored_altar, portal_sewer_entry_d, hex_medium, uniq_sigmund
D:4:      layout_cave_pods, jmf_multi_god_temple,
          eino_small_chamber_without_monster, minmay_misc_feat_diagonals,
          nicolae_kite_square_tiling_tiny, minmay_snake_closets
Abyss:1:  base:
Sewer

Skill      XL: |  1  2  3  4  5 |
---------------+----------------+-----
Dodging        | 2 |  2.0
Stealth        | 3 5 |  5.5
Spellcasting   | 3 4 |  4.5
Necromancy     | 5 |  5.7

Action                     |  1- 3 |  4- 6 |  7- 9 || total
---------------------------+-------+-------+-------++-------
  Melee: Dagger            |    73 |       |       ||    73
         Unarmed           |    10 |       |       ||    10
         Bite              |    22 |     3 |       ||    25
         Punch             |     1 |       |       ||     1
         Whip              |    14 |       |       ||    14
         Staff             |     8 |    18 |       ||    26
   Cast: Necrotise         |    16 |    77 |       ||    93
         Vampiric Draining |       |     1 |       ||     1
   Stab: Sleeping          |     2 |     2 |       ||     4
 Armour: Robe              |    71 |    42 |     2 ||   115
  Dodge: Dodged            |    90 |    28 |       ||   118
